 Dungeon Crawl Stone Soup version 0.18.1-5-g4a78601 (webtiles) character file.

785 shmeve the Chopper (level 7, -1/63 HPs)
             Began as a Minotaur Berserker on May 11, 2016.
             Was a Priest of Trog.
             Slain by an ice beast (8 damage)
             ... on level 5 of the Dungeon.
             The game lasted 00:07:34 (3877 turns).

shmeve the Chopper (Minotaur Berserker)             Turns: 3877, Time: 00:07:35

Health: -1/63      AC:  9    Str: 23    XL:     7   Next: 56%
Magic:  6/6        EV:  9    Int:  5    God:    Trog [***...]
Gold:   271        SH:  0    Dex:  9    Spells: 0 memorised, 6 levels left

rFire  . . .     SeeInvis .     p - +0 war axe
rCold  . . .     Gourm    .     t - +0 chain mail
rNeg   . . .     Faith    .     (no shield)
rPois  .         Spirit   .     (helmet restricted)
rElec  .         Dismiss  .     (no cloak)
rCorr  +         Reflect  .     (no gloves)
SustAt .         Harm     .     (no boots)
MR     .....                    (no amulet)
Stlth  ..........               (no ring)
                                i - ring of resist corrosion

@: not resistant to hostile enchantments, extremely unstealthy
A: retaliatory headbutt, horns 2
a: Berserk, Trog's Hand, Burn Spellbooks, Renounce Religion


You were on level 5 of the Dungeon.
You worshipped Trog.
Trog was most pleased with you.
You were near starving.

You visited 1 branch of the dungeon, and saw 5 of its levels.

You collected 271 gold pieces.

Inventory:

Hand Weapons
 p - a +0 war axe (weapon)
Armour
 t - a +0 chain mail (worn)
Jewellery
 i - a ring of resist corrosion (left hand)
Scrolls
 e - 2 scrolls of fear {unknown}
 h - a scroll of enchant armour {unknown}
 j - 2 scrolls of teleportation {unknown}
 k - 3 scrolls of blinking {unknown}
 l - 10 scrolls of identify {unknown}
 m - a scroll of magic mapping {unknown}
 n - 4 scrolls of remove curse {unknown}
 x - a scroll of fog {unknown}
 y - a scroll of noise {unknown}
 z - 2 scrolls of recharging {unknown}
Potions
 a - a potion of cure mutation {unknown}
 b - a potion of heal wounds {unknown}
 d - 2 potions of might {unknown}
 f - a potion of ambrosia {unknown}
 g - 2 potions of invisibility {unknown}
 o - 2 potions of haste {unknown}
 s - a potion of flight {unknown}
 u - 2 potions of resistance {unknown}
 v - a potion of berserk rage {unknown}
 w - a potion of curing {unknown}
Comestibles
 c - 6 bread rations
 q - 2 meat rations
 r - a slice of pizza


   Skills:
 * Level 6.0 Fighting
 * Level 6.6 Axes
 + Level 3.1 Throwing
 + Level 4.5 Armour
 + Level 4.1 Dodging


You had 6 spell levels left.
You didn't know any spells.

Dungeon Overview and Level Annotations

Branches:
Dungeon (5/15)             Temple (0/1) D:4

Altars:
Fedhas
Makhleb
Nemelex Xobeh
Yredelemnul
The Shining One

Shops:
D:5 (


Innate Abilities, Weirdness & Mutations

You reflexively headbutt those who attack you in melee.
You have a pair of horns on your head.


Message History

The ice beast hits you but does no damage.
You hit the gnoll. Your headbutt misses the gnoll.
The gnoll is lightly wounded.
You barely miss the ice beast.
The ice beast is heavily wounded.
The ice beast hits you. The ice beast freezes you! The gnoll hits you.
* * * LOW HITPOINT WARNING * * *
The ice beast hits you.
* * * LOW HITPOINT WARNING * * *
The ice beast freezes you.
* * * LOW HITPOINT WARNING * * *
You slice the gnoll!!
You kill the gnoll!
Trog accepts your kill.
You completely miss the ice beast.
The ice beast is heavily wounded.
The ice beast hits you.
* * * LOW HITPOINT WARNING * * *
The ice beast freezes you!
You die...

### ..# #.# #.#
#.# #.# #)# # ##@#
#.#.Y#####
..#........#
.........##.#
.....$..###.######
.......## #..)...#
<...... ######.#
....... #.#
.......# #)#


You could see an ice beast.

Vanquished Creatures
  An ogre (D:5)
  A howler monkey (D:4)
  A crimson imp (D:4)
  A giant frog zombie (D:5)
  A giant frog skeleton (D:4)
  2 orc priests
  8 orc wizards
  An iguana (D:4)
  3 worker ants (D:4)
  A hound skeleton (D:4)
  4 gnolls (D:5)
  3 adders
  An ooze (D:3)
  3 worms (D:2)
  4 dart slugs
  3 giant geckos
  20 orcs
  5 giant cockroaches
  9 hobgoblins
  2 jackals (D:4)
  3 kobolds
  3 quokkas
  3 bats
  3 giant newts
  4 goblins
  4 rats
94 creatures vanquished.

Notes
Turn   | Place    | Note
--------------------------------------------------------------
     0 | D:1      | shmeve the Minotaur Berserker began the quest for the Orb.
     0 | D:1      | Reached XP level 1. HP: 19/19 MP: 0/0
     0 | D:1      | Noticed an ogre
     0 | D:1      | Noticed a minotaur
     3 | D:1      | Noticed an octopode
     3 | D:1      | Noticed a minotaur
     6 | D:1      | Noticed a formicid
     9 | D:1      | Noticed a centaur
    11 | D:1      | Noticed a naga
    14 | D:1      | Noticed an ogre
    15 | D:1      | Noticed a gargoyle
    17 | D:1      | Noticed an elf
    19 | D:1      | Noticed a ghoul
    19 | D:1      | Noticed a troll
    21 | D:1      | Noticed a human
   395 | D:1      | Reached XP level 2. HP: 23/27 MP: 1/1
   983 | D:2      | Reached XP level 3. HP: 24/33 MP: 2/2
  1278 | D:2      | Found a basalt altar of Yredelemnul.
  1680 | D:3      | Reached ** piety under Trog
  1680 | D:3      | Reached XP level 4. HP: 25/40 MP: 3/3
  1683 | D:3      | Reached skill level 1 in Throwing
  1685 | D:3      | HP: 1/41 [orc wizard/magic dart (7)]
  1686 | D:3      | Reached XP level 5. HP: 1/47 MP: 4/4
  2046 | D:3      | Reached skill level 5 in Axes
  2264 | D:3      | Reached skill level 5 in Fighting
  2271 | D:3      | Reached XP level 6. HP: 52/56 MP: 5/5
  2498 | D:3      | Reached *** piety under Trog
  2502 | D:3      | Found a sparkling altar of Nemelex Xobeh.
  2505 | D:3      | Found a glowing golden altar of the Shining One.
  2507 | D:3      | Found a burning altar of Makhleb.
  2853 | D:4      | Found a staircase to the Ecumenical Temple.
  3275 | D:4      | Reached XP level 7. HP: 54/61 MP: 6/6
  3638 | D:4      | Found a blossoming altar of Fedhas.
  3735 | D:5      | Entered Level 5 of the Dungeon
  3735 | D:5      | Found Vorch's Antique Weapon Shop.
  3877 | D:5      | Slain by an ice beast

Skill      XL: |  1  2  3  4  5  6  7 |
---------------+----------------------+-----
Axes           | 4 5 6 |  6.6
Armour         | 3 4 |  4.5
Fighting       | 4 5 6 |  6.0
Throwing       | 1 2 3 |  3.1
Dodging        | 3 4 |  4.1

Action                   |  1- 3 |  4- 6 |  7- 9 || total
-------------------------+-------+-------+-------++-------
Melee: Hand axe          |    31 |       |       ||    31
       Headbutt          |     7 |    21 |     7 ||    35
       War axe           |    21 |   114 |    50 ||   185
Invok: Berserk           |       |     1 |       ||     1
       Trog's Hand       |       |     1 |       ||     1
  Eat: Chunk             |     2 |     6 |     1 ||     9
Armor: Animal skin       |     8 |     2 |       ||    10
       Chain mail        |       |    50 |    20 ||    70
Dodge: Dodged            |    45 |    67 |    26 ||   138
